 Dungeon Crawl Stone Soup version 0.23-a0-208-gb6b040f (webtiles) character file.

26715 epen the Carver (level 13, 0/103 HPs)
             Began as a Mummy Monk on Sept 25, 2018.
             Was an Initiate of Gozag.
             Killed from afar by a steam dragon (30 damage)
             ... with a ball of steam
             ... on level 2 of the Lair of Beasts.
             The game lasted 00:30:57 (15038 turns).

epen the Carver (Mummy Monk)                       Turns: 15038, Time: 00:30:57

Health: 0/103      AC: 10    Str: 19    XL:     13   Next: 0%
Magic:  15/15      EV: 16    Int: 10    God:    Gozag
Gold:   2933       SH: 11    Dex: 14    Spells: 12/12 levels left

rFire    x . .     SeeInvis +   p - +6 demon blade of Fikosk {freeze, +Inv}
rCold    + . .     Gourm    .   r - +2 buckler
rNeg     + + +     Faith    .   h - +0 ring mail
rPois    ∞         Spirit   .   C - +0 hat {SInv}
rElec    .         Reflect  +   m - +0 cloak
rCorr    +         Harm     .   k - +0 pair of gloves
MR       +....                  y - +0 pair of boots {run}
Stlth    +.........             s - +4 amulet of reflection
HPRegen  0.27/turn              q - +2 ring of slaying
MPRegen  0.14/turn              F - ring of resist corrosion

@: gold aura, quick
A: no food or potions, fire vulnerability, cold resistance 1, negative energy
resistance 3, torment resistance, unbreathing, in touch with death 1
a: Potion Petition, Call Merchant, Bribe Branch, Renounce Religion, Evoke
Invisibility


You were on level 2 of the Lair of Beasts.
You worshipped Gozag.
Gozag was most pleased with you.
You were not hungry.

You visited 2 branches of the dungeon, and saw 12 of its levels.
You also visited: Sewer.

You collected 2933 gold pieces.

Inventory:

Hand Weapons
 a - a +0 falchion
 i - a +1 dagger of flaming
 l - a +0 short sword of electrocution
 p - the +6 demon blade of Fikosk (weapon) {freeze, +Inv}
   (You acquired it on level 5 of the Dungeon)

   It has been specially enchanted to freeze those struck by it, causing extra
   injury to most foes and up to half again as much damage against particularly
   susceptible opponents.
   It can also slow down cold-blooded creatures.
   It lets you turn invisible.
Missiles
 D - 3 throwing nets (quivered)
Armour
 b - a +0 robe
 e - a scarf of spirit shield
 h - a +0 ring mail (worn)
 k - a +0 pair of gloves (worn)
 m - a +0 cloak (worn)
 n - a +0 robe of fire resistance
 o - a +0 buckler
 r - a +2 buckler (worn)
 y - a +0 pair of boots of running (worn)
 C - a +0 hat of see invisible (worn)
Jewellery
 c - an uncursed ring of wizardry
 g - an uncursed amulet of harm
 q - a +2 ring of slaying (left hand)
 s - a +4 amulet of reflection (around neck)
 z - the ring "Uwuehu" {Ice rElec Str+2}
   (You found it on level 10 of the Dungeon)

   [ring of ice]

   It enhances your ice magic.
   It affects your strength (+2).
   It makes you vulnerable to fire.
   It protects you from cold.
   It insulates you from electricity.
 F - a ring of resist corrosion (right hand)
Wands
 t - a wand of acid (7)
 w - a wand of enslavement (10)
 A - a wand of paralysis (10)
 B - a wand of iceblast (12)
Scrolls
 d - 2 scrolls of fear
 f - 3 scrolls of identify
 j - 3 scrolls of teleportation
 u - 2 scrolls of remove curse
 v - 3 scrolls of vulnerability
 x - 2 scrolls of amnesia
 E - 3 scrolls of enchant weapon


   Skills:
 + Level 10.0 Fighting
 * Level 11.5 Long Blades
 + Level 8.0 Armour
 + Level 8.4 Dodging
 - Level 1.5 Stealth
 - Level 4.4 Shields
 + Level 3.1 Evocations


You had 12 spell levels left.
You didn't know any spells.
Your spell library contained the following spells:

 Spells                   Type           Power        Failure   Level  Hunger
 Magic Dart               Conj           #...         52%         1    N/A
 Summon Small Mammal      Summ           #...         52%         1    N/A
 Blink                    Tloc           N/A          65%         2    N/A
 Call Imp                 Summ           #.......     65%         2    N/A
 Slow                     Hex            #.......     65%         2    N/A
 Call Canine Familiar     Summ           #.......     87%         3    N/A
 Conjure Flame            Conj/Fire      #.......     87%         3    N/A
 Mephitic Cloud           Conj/Pois/Air  #.......     87%         3    N/A
 Summon Guardian Golem    Hex/Summ       #.......     87%         3    N/A
 Summon Ice Beast         Ice/Summ       #.......     99%         4    N/A
 Summon Lightning Spire   Summ/Air       #.......     99%         4    N/A

Dungeon Overview and Level Annotations

Branches:
Dungeon (10/15)            Temple (0/1) D:7            Lair (2/6) D:8
  Swamp: Lair:2-4    Shoals: Lair:2-4     Snake: Lair:2-4    Spider: Lair:2-4
    Orc: D:9-12

Altars:
Ashenzari
Cheibriados
Dithmenos
Elyvilon
Gozag
Kikubaaqudgha
Makhleb
Nemelex Xobeh
Okawaru
Qazlal
Ru
Sif Muna
Xom
The Shining One
Lugonu

Shops:
D:7 *

Annotations:
D:5 2 transporters, feelmyfire's ghost, novice DrCj
D:7 1 runed door, 1 transporter, feelmyfire's ghost, novice DrCj
Lair:1 exclusion: oklob plant


Innate Abilities, Weirdness & Mutations

You do not eat or drink.
Your flesh is vulnerable to fire.
You are immune to poison.
Your flesh is cold resistant. (rC+)
You are immune to negative energy. (rN+++)
You are immune to unholy pain and torment.
You can survive without breathing.
You are in touch with the powers of death.


Message History

The flash freeze hits you! You partially resist.
* * * LOW HITPOINT WARNING * * *
You are encased in ice.
You closely miss the rime drake.
The rime drake is heavily wounded.
You hit the rime drake.
The rime drake is severely wounded.
You block the rime drake's attack.
You slash the rime drake!
You kill the rime drake!
You have reached level 13!
You feel more in touch with the powers of death.
The ice encasing you melts away.
A steam dragon comes into view.
You slash the steam dragon! You freeze the steam dragon.
The steam dragon is moderately wounded.
The steam dragon breathes steam at you. The ball of steam hits you!
The steam scalds you terribly!
You die...
Your body crumbles into a pile of gold.

....'# ### #.......#
..>..# $ ..## #.......#
....## $ ...### #.......#
P.+## kk...# #.......#
#..## $ ≈D..## #.......#
#...# ...≈.# #........#
##..# ##.k.# #P#.####.P
#..## #D## ##### ## #.##
## ##@## #+.# ≈# ##..#
...####≈ ###...####
....P#≈## ##§.§..≈§.##
...+.#.≈####..........###
...#.....##.............#
#..#...........8!.......#
##.....................)#
###..............#P.##..#


You could see a steam dragon.

Vanquished Creatures
  Gastronok (Lair:1)
  Harold (Lair:1)
  4 two-headed ogres
  Pikel (D:6)
  4 spiny frogs
  15 rime drakes
  2 komodo dragons
  A troll (D:10)
  A hornet (D:9)
  5 blink frogs (Lair:2)
  3 hippogriffs
  Sigmund (D:4)
  Eustachio (D:6)
  33 yaks
  A wyvern (D:8)
  2 hungry ghosts (D:9)
  7 steam dragons (Lair:2)
  Edmund (D:4)
  2 wargs (D:8)
  4 water moccasins
  Duvessa (D:6)
  A porcupine (Lair:2)
  2 black bears (D:9)
  2 sky beasts (D:8)
  3 orc warriors
  2 phantoms
  3 ice beasts
  4 ogres
  An eye of draining (D:9)
  2 necrophages
  A slave (D:6)
  6 centaurs
  5 crocodiles
  8 bullfrogs
  Blork the orc (D:6)
  Dowan (D:6)
  A scorpion (Lair:1)
  A water moccasin skeleton (D:7)
  19 killer bees
  9 wights
  A howler monkey (D:10)
  6 crimson imps
  A bullfrog zombie (D:6)
  A lava snake (D:7)
  4 quasits
  8 orc priests
  A centaur skeleton (D:10)
  9 hounds
  15 orc wizards
  A bullfrog skeleton (D:7)
  11 worker ants
  Natasha (thrice) (D:2)
  7 iguanas
  3 worker ant zombies
  7 gnolls
  A howler monkey skeleton (D:4)
  12 adders
  3 shadow imps
  4 oozes
  2 adder zombies
  2 worms
  3 dart slugs (D:1)
  7 leopard geckos
  54 orcs
  4 ball pythons
  A bat zombie (D:6)
  6 giant cockroaches
  10 goblins
  6 hobgoblins
  4 jackals (D:10)
  6 quokkas
  9 bats
  7 frilled lizards
  12 kobolds
  2 leopard gecko skeletons (D:5)
  A leopard gecko zombie (D:5)
  2 quokka skeletons (D:6)
  8 rats
  A rat zombie (D:6)
408 creatures vanquished.

Vanquished Creatures (others)
  7 fungi
  2 plants
9 creatures vanquished.

Grand Total: 417 creatures vanquished

Notes
Turn   | Place    | Note
-------+----------+-------------------------------------------
     0 | D:1      | epen the Mummy Monk began the quest for the Orb.
     0 | D:1      | Reached XP level 1. HP: 18/18 MP: 1/1
    21 | D:1      | Reached XP level 2. HP: 15/24 MP: 2/2
   715 | D:1      | Reached XP level 3. HP: 21/29 MP: 3/3
  1213 | D:2      | Found a deep blue altar of Sif Muna.
  1227 | D:2      | Found a shadowy altar of Dithmenos.
  1237 | D:2      | Reached skill level 3 in Long Blades
  1407 | D:2      | Reached skill level 1 in Armour
  1617 | D:2      | Noticed Natasha
  1636 | D:2      | Killed Natasha
  1636 | D:2      | Reached XP level 4. HP: 24/35 MP: 4/4
  1896 | D:2      | Noticed Natasha
  1907 | D:2      | Killed Natasha
  2003 | D:2      | Noticed Natasha
  2013 | D:2      | Killed Natasha
  2013 | D:2      | Reached XP level 5. HP: 20/42 MP: 2/5
  2488 | D:3      | Found a shattered altar of Ashenzari.
  2972 | D:3      | Found a burning altar of Makhleb.
  3111 | D:3      | Reached skill level 4 in Long Blades
  3227 | D:4      | Reached XP level 6. HP: 48/48 MP: 6/6
  3567 | D:4      | Found a stormy altar of Qazlal.
  3639 | D:4      | Noticed Edmund
  4130 | D:5      | Entered Level 5 of the Dungeon
  4449 | D:4      | Noticed Sigmund
  4516 | D:4      | Reached XP level 7. HP: 46/55 MP: 5/7
  4642 | D:4      | Killed Sigmund
  4842 | D:4      | Reached skill level 5 in Long Blades
  4957 | D:4      | Killed Edmund
  5105 | D:5      | Found a transporter.
  5116 | D:5      | Reached skill level 5 in Fighting
  5248 | D:5      | Reached XP level 8. HP: 59/62 MP: 8/8
  5295 | D:5      | Identified a scroll of acquirement
  5298 | D:5      | Got a dazzling demon blade
  5300 | D:5      | Identified the +6 demon blade of Fikosk {freeze, +Inv} (You
                  | acquired it on level 5 of the Dungeon)
  5322 | D:5      | Noticed feelmyfire's ghost (novice DrCj)
  5361 | D:5      | Found a transporter.
  5578 | D:6      | Noticed Dowan
  5588 | D:6      | Noticed Duvessa
  5592 | D:6      | Killed Duvessa
  5597 | D:6      | Killed Dowan
  5597 | D:6      | Reached skill level 6 in Long Blades
  5893 | D:6      | Noticed Blork the orc
  5899 | D:6      | Killed Blork the orc
  5899 | D:6      | Reached XP level 9. HP: 54/69 MP: 6/9
  5922 | D:6      | Found an ancient bone altar of Kikubaaqudgha.
  5981 | D:6      | Reached skill level 5 in Dodging
  6035 | D:6      | Reached skill level 1 in Shields
  6055 | D:6      | Noticed Eustachio
  6066 | D:6      | Killed Eustachio
  6066 | D:6      | Reached skill level 7 in Long Blades
  6076 | D:6      | Found a glowing drain.
  6087 | Sewer    | Entered a sewer
  6245 | D:6      | Found a snail-covered altar of Cheibriados.
  6370 | D:6      | Noticed Pikel
  6381 | D:6      | Killed Pikel
  6384 | D:6      | Found a sparkling altar of Nemelex Xobeh.
  6705 | D:7      | Found an iron altar of Okawaru.
  6720 | D:7      | Found an opulent altar of Gozag.
  6722 | D:7      | Found Gozag's Platinum Reserve.
  6728 | D:7      | Became a worshipper of Gozag Ym Sagoz the Greedy
  6733 | D:7      | namelastname112: @??eustachio
  6733 | D:7      | beem: Eustachio (@)
                  | Spd:
    10 | HD: 4    | HP: 33-47
                  | AC/EV:
                  | 3/13
                  | Dam: 6
                  | natural, weapons, items, doors, evil,
                  | spellcaster
                  | Res: magic(20)
                  | XP: 197
                  | Sp: sum.small
                  | mammal, sum.minor demon, blink
                  | Sz: Medium
                  | Int: human.
  6987 | D:7      | Reached skill level 5 in Armour
  7050 | D:7      | Found a staircase to the Ecumenical Temple.
  7127 | D:7      | Found a shimmering altar of Xom.
  7127 | D:7      | Found a shimmering altar of Xom.
  7128 | D:7      | Found a shimmering altar of Xom.
  7129 | D:7      | Found a shimmering altar of Xom.
  7131 | D:7      | Found a shimmering altar of Xom.
  7132 | D:7      | Found a shimmering altar of Xom.
  7173 | D:7      | Found a runed door.
  7173 | D:7      | Found a shimmering altar of Xom.
  7173 | D:7      | Noticed a mace of chaos
  7173 | D:7      | Noticed feelmyfire's ghost (novice DrCj)
  7374 | D:7      | You fall through a shaft for 2 floors!
  7399 | D:9      | Reached XP level 10. HP: 79/79 MP: 10/10
  7588 | D:9      | Reached skill level 8 in Long Blades
  7855 | D:7      | Found a transporter.
  7859 | D:7      | Found a corrupted altar of Lugonu.
  8106 | D:7      | Noticed a green ugly thing
  8106 | D:7      | Noticed a white ugly thing
  8108 | D:7      | Noticed a white ugly thing
  8109 | D:7      | Noticed a white ugly thing
  8140 | D:8      | Found a glowing golden altar of the Shining One.
  8710 | D:8      | Noticed a two-headed ogre
  9135 | D:8      | Noticed a two-headed ogre
  9142 | D:8      | Killed a two-headed ogre
  9321 | D:8      | Found a sacrificial altar of Ru.
  9347 | D:8      | Found a staircase to the Lair.
  9460 | D:8      | Killed a two-headed ogre
  9629 | D:9      | Reached skill level 9 in Long Blades
  9775 | D:9      | Reached XP level 11. HP: 79/86 MP: 5/11
  9900 | D:9      | Found a white marble altar of Elyvilon.
 10143 | D:9      | Noticed a two-headed ogre
 10153 | D:9      | Killed a two-headed ogre
 10259 | D:9      | Identified a +0 pair of boots of running (You acquired it
                  | on level 9 of the Dungeon)
 10408 | D:9      | Found a sparkling altar of Nemelex Xobeh.
 10438 | D:10     | Entered Level 10 of the Dungeon
 10531 | D:10     | Noticed a two-headed ogre
 10535 | D:10     | Got a crude granite ring
 10538 | D:10     | Killed a two-headed ogre
 10542 | D:10     | Identified the ring "Uwuehu" {Ice rElec Str+2} (You found
                  | it on level 10 of the Dungeon)
 11599 | Lair:1   | Entered Level 1 of the Lair of Beasts
 11609 | Lair:1   | Reached skill level 10 in Long Blades
 12088 | Lair:1   | Noticed Gastronok
 12126 | Lair:1   | Killed Gastronok
 12126 | Lair:1   | Reached XP level 12. HP: 80/95 MP: 12/12
 12476 | Lair:1   | Reached skill level 1 in Evocations
 12646 | Lair:1   | Noticed Harold
 12668 | Lair:1   | Killed Harold
 13801 | Lair:2   | Reached skill level 11 in Long Blades
 14098 | Lair:2   | Noticed a six-headed hydra
 14989 | Lair:2   | Got a translucent quarterstaff
 14992 | Lair:2   | Identified the +2 quarterstaff "Tubuzent" {speed, rF- rC+
                  | rN+} (You found it on level 2 of the Lair of Beasts)
 15015 | Lair:2   | Reached skill level 10 in Fighting
 15037 | Lair:2   | Gained mutation: You are in touch with the powers of death.
                  | [Mummy growth]
 15037 | Lair:2   | Reached XP level 13. HP: 30/103 MP: 15/15
 15038 | Lair:2   | Killed from afar by a steam dragon

Vault maps used:
D:1:      lightli_arrival_chessboard, hangedman_feature_mirror
D:2:      led_sif_pool, grunt_dithmenos_smoke_and_mirrors, uniq_natasha
D:3:      nicolae_overflow_crystal_walls, marbit_many_paths, first_ration,
          serial_corexii_hall, corexii_hall_statues_x, corexii_hall_statues_i
D:4:      lemuel_crystal_altar, uniq_sigmund, uniq_edmund
D:5:      gammafunk_ghost_stat_death, abandoned_shop
D:6:      lemuel_crystal_altar, lemuel_zombie_altar_kikubaaqudgha,
          portal_sewer_entry_f, nemelex_diamond_rough_becter, uniq_eustachio,
          uniq_duvessa, uniq_pikel, uniq_blork_the_orc
D:7:      gammafunk_corrupted_shrine, xom_redecorated,
          nicolae_gozag_zags_fifth_avenue, minmay_temple_entry_mist,
          ebering_ghost_xom, zaba_anthole, kennysheep_big_empty_room,
          okawaru_metal_pillars_1_2
D:8:      lemuel_coloured_pillars_altar, overflow_temple_1_default,
          erik_lair_orcish_takeover
D:9:      nicolae_overflow_hidden_temple
D:10:     uniq_joseph
Lair:1:   minmay_lair_oklob_chamber, uniq_harold, uniq_gastronok
Lair:2:   bobbens_dragon_lair_wall
Sewer:    sewer_big_baddie

Skill      XL: |  1  2  3  4  5  6  7  8  9 10 11 12 |
---------------+-------------------------------------+-----
Long Blades    | 3 4 5 6 7 9 10 11 | 11.5
Armour         | 1 2 3 4 5 6 7 8 |  8.0
Dodging        | 3 4 5 6 7 8 |  8.4
Fighting       | 4 5 6 7 9 10 | 10.0
Shields        | 2 4 |  4.4
Evocations     | 3 |  3.1
Stealth        | |  1.5

Action                   |  1- 3 |  4- 6 |  7- 9 | 10-12 | 13-15 || total
-------------------------+-------+-------+-------+-------+-------++-------
Melee: Falchion          |    89 |       |       |       |       ||    89
       Dagger            |    22 |   125 |       |       |       ||   147
       Short sword       |       |   164 |    73 |       |       ||   237
       Demon blade       |       |       |   231 |   635 |     1 ||   867
  Use: Scroll            |       |     9 |     4 |     8 |       ||    21
 Stab: Sleeping          |     1 |     2 |     3 |     1 |       ||     7
       Distracted        |       |       |     1 |     2 |       ||     3
Armor: Robe              |     8 |       |       |       |       ||     8
       Ring mail         |     6 |   120 |    60 |    98 |       ||   284
Dodge: Dodged            |    70 |   215 |   146 |   203 |       ||   634
Block: Buckler           |       |       |    78 |   244 |       ||   322
       Reflection        |       |       |       |    12 |       ||    12
       Rpst.: Falchion   |    22 |       |       |       |       ||    22
       Demon blade       |       |       |    31 |    58 |       ||    89

Table legend:
 A = Non-vault XP
 B = Vault XP
 C = Vault XP percentage of total XP
 D = Non-vault monster count
 E = Vault monster count
 F = Vault count percentage of total count
                 A         B        C        D         E       F
            +---------+---------+-------+---------+---------+-------
      Total |   26033 |   12132 |  31.8 |     345 |      62 |  15.2
            +---------+---------+-------+---------+---------+-------
        D:1 |      46 |       6 |  11.5 |      23 |       4 |  14.8
        D:2 |     135 |      35 |  20.6 |      20 |       1 |   4.8
        D:3 |     143 |       1 |   0.7 |      29 |       1 |   3.3
        D:4 |     504 |     383 |  43.2 |      25 |       2 |   7.4
        D:5 |     515 |       0 |   0.0 |      13 |       0 |   0.0
        D:6 |    1345 |    1146 |  46.0 |      38 |      12 |  24.0
        D:7 |    1094 |     100 |   8.4 |      39 |       3 |   7.1
        D:8 |    3226 |     614 |  16.0 |      26 |       9 |  25.7
        D:9 |    4110 |       0 |   0.0 |      45 |       0 |   0.0
       D:10 |    4529 |       0 |   0.0 |      40 |       0 |   0.0
     Lair:1 |    6926 |    3319 |  32.4 |      32 |       3 |   8.6
     Lair:2 |    3460 |    6411 |  64.9 |      15 |      21 |  58.3
      Sewer |       0 |     117 | 100.0 |       0 |       6 | 100.0
            +---------+---------+-------+---------+---------+-------
